 Dungeon Crawl Stone Soup version 0.19.0-20-gbc5f0c6 (webtiles) character file.

144 Haldmier the Cudgeler (level 5, -1/45 HPs)
             Began as a Hill Orc Monk on Nov 17, 2016.
             Slain by Grinder (2 damage)
             ... on level 4 of the Dungeon.
             The game lasted 00:08:42 (3854 turns).

Haldmier the Cudgeler (Hill Orc Monk)               Turns: 3854, Time: 00:08:43

Health: -1/45      AC:  6    Str: 14    XL:     5   Next: 26%
Magic:  14/14      EV: 11    Int: 11    God:
Gold:   277        SH:  0    Dex: 13    Spells: 0 memorised, 4 levels left

rFire  . . .     SeeInvis .     a - +0 mace
rCold  . . .     Gourm    .     t - +0 ring mail
rNeg   . . .     Faith    .     (no shield)
rPois  .         Spirit   .     (no helmet)
rElec  .         Reflect  .     (no cloak)
rCorr  .         Harm     .     (no gloves)
MR     .....                    q - +0 pair of boots
Stlth  +.........               (no amulet)
                                (no ring)
                                g - ring of magical power

@: no status effects
A: no striking features
a: no special abilities


You were on level 4 of the Dungeon.
You were hungry.

You visited 1 branch of the dungeon, and saw 4 of its levels.

You collected 277 gold pieces.

Inventory:

Hand Weapons
 a - a +0 mace (weapon)
 j - a +0 flail
 u - a +0 morningstar
Armour
 q - a +0 pair of boots (worn)
 t - a +0 ring mail (worn)
Jewellery
 g - a ring of magical power (left hand)
Scrolls
 b - a scroll of enchant armour {unknown}
 e - a scroll of immolation {unknown}
 f - 2 scrolls of fog {unknown}
 i - a scroll of teleportation {unknown}
 k - a scroll of recharging {unknown}
 l - a scroll of blinking {unknown}
 o - 2 scrolls of magic mapping {unknown}
 p - a scroll of remove curse {unknown}
 r - a scroll of identify {unknown}
 v - a scroll of noise {unknown}
Potions
 d - a potion of resistance {unknown}
 m - a potion of curing {unknown}
 s - a potion of cure mutation {unknown}
Comestibles
 c - 2 bread rations
 h - 2 meat rations
 n - 3 fruits


   Skills:
 - Level 3.6 Fighting
 + Level 6.3 Maces & Flails
 - Level 2.4 Dodging
 - Level 1.5 Stealth


You had 4 spell levels left.
You didn't know any spells.

Dungeon Overview and Level Annotations

Branches:
Dungeon (4/15)
 Temple: D:4-7

Altars:
Yredelemnul

Annotations:
D:4 Grinder


Message History

Grinder is moderately wounded.
Grinder gestures at you.
You suddenly lose the ability to move!
Grinder hits you.
You writhe in agony.
Grinder barely misses you.
Grinder blinks!
The bat hits you but does no damage. The bat hits you. Grinder hits you.
You writhe in agony.
The bat hits you but does no damage. Grinder hits you.
* * * LOW HITPOINT WARNING * * *
You writhe in agony.
* * * LOW HITPOINT WARNING * * *
You can move again.
Unknown command.
You hit Grinder but do no damage.
Grinder is moderately wounded.
The bat barely misses you. Grinder hits you.
* * * LOW HITPOINT WARNING * * *
You writhe in agony.
You die...

### ####.# #....#
#########5##.#
#......))@.#.# ###
#.########b..#
######## ..# #.#
#......## #.......
#.######o# #......#
#....... ..##.o...#
#......# ###....)..
#.##.##### #......#
#......... o.......#
#......######....####
####.#...#
#[[.........#..#.....
#..#.#...#
######..###.#.....###


You could see Grinder and a bat.

Vanquished Creatures
  A worker ant (D:4)
  An adder (D:3)
  A gnoll (D:1)
  A worm (D:3)
  4 dart slugs
  A leopard gecko (D:1)
  12 orcs
  A ball python (D:1)
  8 bats
  2 giant cockroaches
  6 goblins
  12 hobgoblins
  2 jackals (D:3)
  A quokka (D:2)
  8 frilled lizards
  6 kobolds
  10 rats
77 creatures vanquished.

Notes
Turn   | Place    | Note
-------+----------+-------------------------------------------
     0 | D:1      | Haldmier the Hill Orc Monk began the quest for the Orb.
     0 | D:1      | Reached XP level 1. HP: 19/19 MP: 1/1
   394 | D:1      | Reached XP level 2. HP: 24/26 MP: 2/2
   483 | D:1      | Reached skill level 4 in Maces & Flails
   706 | D:1      | Reached XP level 3. HP: 22/31 MP: 3/3
  1474 | D:2      | Reached skill level 5 in Maces & Flails
  1517 | D:2      | Found a basalt altar of Yredelemnul.
  1803 | D:2      | Reached XP level 4. HP: 36/39 MP: 4/4
  3404 | D:3      | Reached skill level 6 in Maces & Flails
  3483 | D:3      | Reached XP level 5. HP: 43/45 MP: 5/5
  3546 | D:3      | Noticed an ogre
  3802 | D:4      | Noticed Grinder
  3802 | D:4      | Paralysed by Grinder for 6 turns
  3831 | D:4      | Paralysed by Grinder for 6 turns
  3847 | D:4      | Paralysed by Grinder for 7 turns
  3854 | D:4      | HP: 1/45 [Grinder (3)]
  3854 | D:4      | Slain by Grinder

Skill      XL: |  1  2  3  4 |
---------------+-------------+-----
Maces & Flails | 4 5 6 |  6.3
Fighting       | |  3.6
Dodging        | |  2.4
Stealth        | |  1.5

Action                   |  1- 3 |  4- 6 || total
-------------------------+-------+-------++-------
Melee: Mace              |   143 |   171 ||   314
 Stab: Sleeping          |     6 |       ||     6
  Eat: Chunk             |     3 |     6 ||     9
Armor: Robe              |    24 |     7 ||    31
       Ring mail         |       |    30 ||    30
Dodge: Dodged            |    93 |    99 ||   192
